 Dungeon Crawl Stone Soup version 0.29-a0-275-g389c0b56f3 (webtiles) character file.

Game seed: 18195034295844632902

154 jlumianski the Sneak (level 5, -3/25 HPs)
             Began as a Spriggan Enchanter on Mar 11, 2022.
             Shot with an arrow by a centaur (7 damage)
             ... on level 4 of the Dungeon.
             The game lasted 00:25:58 (5143 turns).

jlumianski the Sneak (Spriggan Enchanter)           Turns: 5143, Time: 00:25:59

Health: -3/25      AC:  2    Str:  4    XL:     5   Next: 13%
Magic:  11/11      EV: 18    Int: 19    God:
Gold:   214        SH:  0    Dex: 15    Spells: 5/10 levels left

rFire   . . .      SeeInvis +   e - +0 short sword
rCold   . . .      Faith    .   (no shield)
rNeg    . . .      Spirit   .   b - +0 robe
rPois   .          Reflect  .   (helmet restricted)
rElec   .          Harm     .   (no cloak)
rCorr   .          Rampage  .   (gloves unavailable)
Will    .....                   (boots unavailable)
Stlth   +++.......              m - amulet of magic regeneration
HPRegen 0.08/turn               (no ring)
MPRegen 0.52/turn               (no ring)

@: very quick
A: very small, no large weapons, unfitting armour, see invisible, speed 3
a: no special abilities


You were on level 4 of the Dungeon.
You visited 1 branch of the dungeon, and saw 4 of its levels.

You collected 214 gold pieces.

Inventory:

Hand Weapons
 a - a +1 dagger
 e - a +0 short sword (weapon)
Missiles
 d - 151 stones
 k - 3 datura-tipped darts
 n - 4 poisoned darts (quivered)
Armour
 b - a +0 robe (worn)
Jewellery
 m - an amulet of magic regeneration (around neck)
Scrolls
 i - a scroll of fog {unknown}
 o - a scroll of fear {unknown}
 q - a scroll of enchant weapon {unknown}
 r - a scroll of torment {unknown}
Potions
 c - 2 potions of invisibility
 f - 4 potions of might {unknown}
 g - 2 potions of heal wounds {unknown}
 h - 4 potions of degeneration {unknown}
 j - a potion of curing {unknown}
 l - a potion of attraction {unknown}
 p - 2 potions of flight {unknown}


   Skills:
 + Level 1.1 Fighting
 + Level 2.3 Short Blades
 + Level 3.6 Dodging
 * Level 6.2 Stealth
 + Level 3.4 Spellcasting
 + Level 4.2 Hexes


You had 5 spell levels left.
You knew the following spells:

 Your Spells              Type           Power      Damage    Failure   Level
a - Ensorcelled Hibernat  Hex/Ice        22%        N/A       10%         2
b - Confusing Touch       Hex            19%        N/A       8%          3

Your spell library contained the following spells:

 Spells                   Type           Power      Damage    Failure   Level
 Slow                     Hex            76%        N/A       2%          1
 Tukima's Dance           Hex            19%        N/A       8%          3
 Animate Skeleton         Necr           6%         N/A       14%         1
 Apportation              Tloc           6%         N/A       14%         1
 Summon Small Mammal      Summ           12%        N/A       14%         1
 Dazzling Flash           Conj/Hex       22%        N/A       19%         3
 Summon Guardian Golem    Hex/Summ       11%        N/A       19%         3
 Freezing Cloud           Conj/Ice/Air   1%         6-21      99%         5
 Spellforged Servitor     Conj/Summ      1%         N/A       100%        7


Dungeon Overview and Level Annotations

Branches:
Dungeon (4/15)
 Temple: D:4-7

Altars:
Makhleb

Annotations:
D:4 Pikel


Innate Abilities, Weirdness & Mutations

You are very small and have problems with some larger weapons.
You are too small for most types of armour.
You have supernaturally acute eyesight. (SInv)
You cover ground extremely quickly. (Speed+++)


Message History

There is a stone staircase leading up here.
Found a green potion.
h - 4 green potions (gained 1) Unknown command.
Unknown command.
You open the door.
A centaur and an orc wizard come into view.
There is an open door here.
The centaur shouts!
The orc wizard shouts!
You barely miss the orc wizard. The centaur closely misses you.
The centaur barely misses you.
The orc wizard hits you with a +0 dagger.
The centaur barely misses you. The centaur closely misses you.
Casting: Ensorcelled Hibernation (safe; 10% risk of failure)
Confirm with . or Enter, or press ? or * to list all spells.
The spell is quite dangerous to miscast (8% risk of failure)!
Continue anyway?
Your hands begin to glow red.
The orc wizard hits you with a +0 dagger.
The centaur misses you. The centaur kicks you.
You hit the centaur but do no damage. The centaur misses you.
The centaur barely misses you. The orc wizard completely misses you.
The centaur hits you. The centaur kicks you.
You hit the centaur but do no damage.
The orc wizard points at you and mumbles some strange words.
The magic dart hits you.
The centaur hits you but does no damage.
The centaur barely misses you.
You hit the centaur but do no damage. The centaur barely misses you.
The centaur closely misses you. The orc wizard closely misses you.
The centaur hits you. The centaur closely misses you.
You hit the orc wizard but do no damage.
The orc wizard appears confused.
The centaur completely misses you. The centaur misses you.
The centaur wields a +0 shortbow.
The centaur shoots an arrow.
The arrow closely misses you.
There is an open door here.
The centaur shoots an arrow.
The arrow hits you!
* * * LOW HITPOINT WARNING * * *
The centaur shoots an arrow.
The arrow hits you!
You die...

## . # .#.# #..
#########.# .###. ####
#........# ....#
##..####...####.+ ...#
##.##..##..##..### ..#
##.####...@.#....#
#######.## ##..#.#....+
##......### #..#.##.c#
..........####..#..#'##
............#..###.c..#
..............## ####.#
.............## .#
.............# ..
.............# #..


You could see a centaur.

Vanquished Creatures
  A hound (D:4)
  A jelly (D:4)
  4 adders
  2 worms
  2 dart slugs
  An orc (D:3)
  2 bats (D:2)
  4 endoplasms
  3 giant cockroaches
  2 hobgoblins (D:2)
  A jackal (D:4)
  6 kobolds
  3 quokkas (D:1)
  7 ball pythons
  3 frilled lizards
  3 goblins
  4 rats
49 creatures vanquished.

Vanquished Creatures (others)
  A fungus (D:2)
1 creature vanquished.

Grand Total: 50 creatures vanquished

Notes
Turn   | Place    | Note
-------+----------+-------------------------------------------
     0 | D:1      | jlumianski the Spriggan Enchanter began the quest for the
                  | Orb.
     0 | D:1      | Reached XP level 1. HP: 9/9 MP: 5/5
   595 | D:1      | Reached XP level 2. HP: 11/13 MP: 6/6
   598 | D:1      | Learned a level 2 spell: Ensorcelled Hibernation
  1786 | D:1      | Reached skill level 5 in Stealth
  2404 | D:2      | Reached XP level 3. HP: 13/16 MP: 5/8
  2570 | D:2      | You fall into a shaft and drop 1 floor!
  2778 | D:2      | Found a burning altar of Makhleb.
  3217 | D:2      | Found a faded altar of an unknown god.
  3224 | D:2      | Reached XP level 4. HP: 21/21 MP: 9/9
  3228 | D:2      | Got Plato's Reference Book on Hexes
  3870 | D:3      | Got Kama Ezaj's Tome of the Frigorific Escort
  3887 | D:3      | Found a burning altar of Makhleb.
  4748 | D:4      | Reached skill level 1 in Fighting
  4748 | D:4      | Reached skill level 6 in Stealth
  4933 | D:4      | Reached XP level 5. HP: 21/25 MP: 11/11
  4937 | D:4      | Learned a level 3 spell: Confusing Touch
  4943 | D:4      | Noticed a lemure
  4943 | D:4      | Noticed a lemure
  4944 | D:4      | Noticed a lemure
  4944 | D:4      | Noticed Pikel
  4946 | D:4      | Noticed a lemure
  5128 | D:4      | Noticed a centaur
  5143 | D:4      | Shot with an arrow by a centaur

Illustrated notes

Levels and vault maps discovered:
D:1:      minmay_arrival_shattered_statue, layout_loops_corners, serial_rivers,
          chequers_serial_rivers_room_a, chequers_serial_rivers_micro_a,
          chequers_serial_rivers_large_b, chequers_serial_rivers_room_a,
          chequers_serial_rivers_small_b
D:2:      layout_basic, shapermc_ecumenical_altar_rom_forum, basic_altar,
          chequers_serial_rivers_micro_c
D:3:      layout_loops_ring, mainiacjoe_overflow_alcove_2
D:4:      layout_layer_cave, minmay_joined_circles, uniq_pikel, uniq_menkaure,
          uniq_robin

Skill      XL: |  1  2  3  4 |
---------------+-------------+-----
Spellcasting   | 3 |  3.4
Stealth        | 5 6 |  6.2
Dodging        | 3 |  3.6
Hexes          | 4 |  4.2
Short Blades   | 2 |  2.3
Fighting       | 1 |  1.1

Action                   |  1- 3 |  4- 6 || total
-------------------------+-------+-------++-------
Melee: Dagger            |    75 |       ||    75
       Short sword       |    31 |    27 ||    58
Throw: Stone             |     3 |       ||     3
       Dart              |       |     1 ||     1
 Cast: Ensorcelled Hiber |    12 |     7 ||    19
       Confusing Touch   |       |     1 ||     1
 Stab: Sleeping          |    23 |     6 ||    29
       Distracted        |     1 |       ||     1
Armor: Robe              |     8 |     5 ||    13
Dodge: Dodged            |    56 |    74 ||   130

Table legend: (Time is in decaauts)
 A = Elapsed time spent in this place.
 B = Non-inter-level travel time spent in this place.
 C = Inter-level travel time spent in this place.
 D = Time resting spent in this place.
 E = Time spent auto-exploring this place.
 F = Levels seen in this place.
 G = Mean time per level.
                   A        B        C        D        E       F      G
               +--------+--------+--------+--------+--------+-----+--------+
         Total |   3997 |   3940 |     57 |   1611 |   1343 |   4 |  999.2 |
       Dungeon |   3997 |   3940 |     57 |   1611 |   1343 |   4 |  999.2 |
               +--------+--------+--------+--------+--------+-----+--------+

Top non-repeatable levels by time:
     D:1: 1708 daAuts
     D:2: 1190 daAuts
     D:3: 822 daAuts
     D:4: 276 daAuts
